[Event "*** Titled Tuesday 3|2 Blitz"]
[Site "Chess.com"]
[Date "2015.08.04"]
[Round "3"]
[White "lexiel"]
[Black "Colombiano07"]
[Result "1-0"]
[WhiteElo "2285"]
[BlackElo "1971"]
[TimeControl "180+2"]
[EndTime "12:08:32 PDT"]
[Termination "lexiel won by resignation"]

1. d4 d5 2. Nc3 Bf5 3. f3 Nf6 4. g4 Bg6 5. h4 h6 6. h5 Bh7 7. Bf4 e6 8. Nb5 Bd6 9. Nxd6+ cxd6 10. e3 Nc6 11. c3 e5 12. Bg3 O-O 13. Kf2 Re8 14.
Bh4 e4 15. f4 Qb6 16. Rb1 Rac8 17. Bxf6 gxf6 18. Ne2 Kh8 19. Ng3 Rg8 20. Be2 Ne7 21.
Qb3 Qxb3 22. axb3 f5 23. Rh4 Rg7 24. Nxf5 Bxf5 25. gxf5 Nxf5 26. Rg4 Rcg8 27. Rbg1 Kh7 28. Rxg7+ Rxg7 29. Bg4 Ne7 30. Bd7 Rxg1 31. Kxg1 Ng8 32. Bc8 b6 33. Bb7 Nf6 34. Kf2 Kg7 35. c4 Kf8 36.
Bxd5 Nxd5 37. cxd5 Ke7 38. b4 a6 39. Ke2 Kf6 40.
Kf2 Ke7 41. Kg3 f5 42. b5 axb5 43. Kf2 Kd7 44. Ke2 Kc7 45. Kd2 Kb7 46. Kc3 Ka6 47.
Kb4 Ka7 48. Kxb5 Kb7 49. b4 Kc7 50. Ka6 b5 51. Kxb5 Kb7 52. Ka5 Ka7 53. b5 Ka8 54. Kb6 Kb8 55. Kc6 1-0

[Event "*** Titled Tuesday 3|2 Blitz"]
[Site "Chess.com"]
[Date "2015.08.04"]
[Round "3"]
[White "DanielNaroditsky"]
[Black "1stSecond"]
[Result "0-1"]
[WhiteElo "2508"]
[BlackElo "2360"]
[TimeControl "180+2"]
[EndTime "12:08:44 PDT"]
[Termination "1stSecond won by resignation"]

1. d4 Nf6 2. c4 g6 3. Nc3 c5 4. d5 a6 5. e4 d6 6. Nf3 Bg7 7. Be2 b5 8. cxb5 axb5 9. Bxb5+ Bd7 10. Be2 Qa5 11. O-O O-O 12. Nd2 Na6 13. Nc4 Qc7 14. f4 Rfb8 15. e5 Ne8 16. b3 dxe5 17. fxe5 Bxe5 18.
Nxe5 Qxe5 19. Bb2 Nd6 20. Kh1 c4 21. Qd2 Nc5 22. Na4 Nce4 23. Qc1 Qxd5 24. Nc3 Qa5 25. Nxe4 Nxe4 26. Qxc4 Bf5 27. Qd4 f6 28. Bc4+ Kg7 29.
g4 Rd8 30. Qe3 Rd2 31. gxf5 Rxb2 32. Qxe4 Qd2 33. Qxe7+ Kh6 34. Qe2 Qxe2 35. Bxe2 Rxe2 36. fxg6 Kxg6 37. a4 f5 38. a5 Rb2 39. Rf3 Kg5 40. a6 Kg4 41. Rg3+ Kh4 42. a7 f4 43. Rc3 Kg4 44. Rg1+ Kf5 45. Rg7 Rd8 46. Rg1 Ra2 47.
Rc5+ Ke4 48. Rc4+ Kf5 49. Rf1 Rxa7 50. Rcxf4+ Kg5 51. R4f3 Rd2 52. Rg3+ Kh6 53. Rfg1 Ra5 54. Rh3+ Rh5 55. Rxh5+ Kxh5 56. Rb1 Kg6 57. b4 Rd6 58. b5 Rb6 59. Kg2 Kf5 60. Kf3 Ke5 61. Kg4 Kd4 62.
h4 Kc3 63. Kg5 Kc2 64. Rg1 Rg6+ 65. Kh5 Rxg1 66. b6 Rg6 67. b7 Rb6 0-1

[Event "*** Titled Tuesday 3|2 Blitz"]
[Site "Chess.com"]
[Date "2015.08.04"]
[Round "3"]
[White "Keranke"]
[Black "Tobi-Wan-Kenobi"]
[Result "0-1"]
[WhiteElo "2530"]
[BlackElo "2318"]
[TimeControl "180+2"]
[EndTime "12:08:55 PDT"]
[Termination "Tobi-Wan-Kenobi won by resignation"]

1. d4 Nf6 2. c4 g6 3. g3 Bg7 4.
Bg2 O-O 5. Nf3 d6 6. O-O Nc6 7. Nc3 a6 8. Bf4 Rb8 9. Rc1 h6 10. Qd2 g5 11. Be3 Ng4 12. d5 Nxe3 13. Qxe3 Ne5 14. Nxe5 Bxe5 15. f4 gxf4 16. gxf4 Bg7 17. Kh1 Bf5 18. Be4 Qd7 19. Rg1 Kh8 20. Rg3 Rg8 21.
Rcg1 Bf6 22. Bxf5 Qxf5 23. b3 Bh4 24. Qd4+ Bf6 25. Qe4 Qh5 26. Qd3 Bh4 27. Rxg8+ Rxg8 28. Rxg8+ Kxg8 29. Qh3 f5 30. e4 fxe4 31. Qe6+ Kg7 32. Qxe4 Bf6 33. Ne2 Qh3 34. Ng3 h5 35. Kg1 h4 36.
Nf5+ Kf8 37. Ne3 c5 38. dxc6 bxc6 39. Kh1 c5 40. f5 Bd4 41. Qa8+ Kg7 42. Qg2+ Qxg2+ 43.
Nxg2 h3 44. Nf4 Kf6 45. Nxh3 Kxf5 46. Kg2 Ke4 47. Ng5+ Kd3 48. Ne6 Kc2 49. h4 Bf6 50. h5 Kb2 51. Nc7 a5 52. Nd5 Be5 53. Nxe7 Kxa2 54.
Nc6 Bc3 55. Kf3 Kxb3 56. h6 a4 57. h7 a3 58. Na5+ Kc2 59. Nb7 a2 60. Nxd6 a1=Q 0-1

[Event "*** Titled Tuesday 3|2 Blitz"]
[Site "Chess.com"]
[Date "2015.08.04"]
[Round "3"]
[White "ViktoriaGloriam"]
[Black "hermionegrangermagic"]
[Result "1-0"]
[WhiteElo "2171"]
[BlackElo "1968"]
[TimeControl "180+2"]
[EndTime "12:09:01 PDT"]
[Termination "ViktoriaGloriam won by checkmate"]

1. e4 e5 2. Nf3 Nc6 3. d4 exd4 4. Nxd4 Bc5 5. Nb3 Bb6 6. Nc3 d6 7. Qe2 Nge7 8. Be3 O-O 9. O-O-O Be6 10. f4 f5 11. e5 Nb4 12. a3 Nbd5 13. Bxb6 axb6 14. Nxd5 Bxd5 15. exd6 cxd6 16. Rxd5 Nxd5 17. Qe6+ Kh8 18. Qxd5 Qe7 19. Bd3 Qe3+ 20. Kb1 Qxf4 21. Qxb7 Qe5 22. Qf3 f4 23. Rf1 Rae8 24. Qh3 h6 25. Nd2 Qf6 26. Nf3 Re3 27. Qh5 Rfe8 28. g4 fxg3 29. hxg3 Qe6 30. Ng5 Qe7 31. Nf7+ Kg8 32. Bc4 Re1+ 33. Rxe1 Qxe1+ 34. Ka2 Kf8 35. Ne5 Re7 36. Ng6+ Ke8 37. Nxe7+ Kxe7 38. Qf7+ Kd8 39. Qxg7 Qe4 40. Qg8+ Kc7 41. Qf7+ Kb8 42.
Qd5 Qe7 43. Bd3 Kc7 44. Be4 Qf6 45. Qc6+ Kd8 46. Qxb6+ Ke7 47. Qb7+ Ke8 48. Qc8+ Ke7 49. Qc7+ Ke8 50. Qc4 Ke7 51. Bd5 Kd7 52. a4 Qe5 53. a5 Qe1 54. Qa4+ Ke7 55. Qe4+ Qxe4 56. Bxe4 h5 57. a6 d5 58. Bxd5 Kd6 59. c4 Kc7 60. a7 h4 61. a8=Q hxg3 62. Qc6+ Kd8 63. Qd6+ Ke8 64. Qc7 g2 65. Be6 g1=Q 66. Qd7+ Kf8 67.
Qf7# 1-0

[Event "*** Titled Tuesday 3|2 Blitz"]
[Site "Chess.com"]
[Date "2015.08.04"]
[Round "3"]
[White "FairChess_on_YouTube"]
[Black "Chesseducation4u"]
[Result "0-1"]
[WhiteElo "2717"]
[BlackElo "2487"]
[TimeControl "180+2"]
[EndTime "12:09:05 PDT"]
[Termination "Chesseducation4u won by resignation"]

1. e4 e6 2. d4 d5 3. Nd2 h6 4. c3 c5 5. Ngf3 Nc6 6. e5 Qb6 7. Nb3 cxd4 8. Nbxd4 Nxd4 9. Nxd4 Bd7 10. Bd3 Ne7 11. O-O Nc6 12. Nxc6 Bxc6 13. Qg4 Bb5 14. Be3 Qa6 15. Bxb5+ Qxb5 16. a4 Qc6 17. a5 a6 18. Kh1 Rc8 19. Ra4 h5 20. Qd1 Bc5 21. Rf4 Be7 22. Bd4 g6 23. Rf3 Bc5 24. Rd3 Bxd4 25. Rxd4 Qc7 26. c4 dxc4 27. Qa4+ Kf8 28. f4 Kg7 29. Rd7 Qc6 30. Qxc6 Rxc6 31. Rxb7 Rc5 32. Rd1 Rxa5 33. h4 Rb5 34. Rdd7 Rxb7 35. Rxb7 Rd8 36. Kh2 Rd2 37. Kh3 Rd3+ 38. g3 Rb3 39. Rc7 Rxb2 40. Rxc4 Ra2 41. Rc3 a5 42. g4 hxg4+ 43. Kxg4 a4 44. Rc7 Ra1 45. Ra7 a3 46.
Kg3 a2 47. Kg2 Kf8 48. Kh2 Ke8 49. Kg2 Kd8 50. Kh2 Kc8 51. Kg2 Kb8 52. Ra3 Kb7 53.
Rb3+ Kc6 54. Rb2 Kd5 55. Re2 Kd4 56. f5 exf5 0-1

[Event "*** Titled Tuesday 3|2 Blitz"]
[Site "Chess.com"]
[Date "2015.08.04"]
[Round "3"]
[White "lukas_111111"]
[Black "stefanodinn"]
[Result "0-1"]
[WhiteElo "2202"]
[BlackElo "2130"]
[TimeControl "180+2"]
[EndTime "12:09:09 PDT"]
[Termination "stefanodinn won on time"]

1. e4 c5 2. Nf3 d6 3. d4 cxd4 4. Nxd4 Nf6 5. Nc3 a6 6. Bc4 e6 7. Bb3 b5 8. O-O Be7 9. Qf3 Qc7 10. a3 O-O 11. Qg3 Bd7 12. Bh6 Ne8 13. Bg5 Bxg5 14. Qxg5 Nc6 15. Nxc6 Bxc6 16. Rad1 Nf6 17. Qf4 Rfd8 18.
Rd3 a5 19. Rfd1 b4 20. axb4 axb4 21. Na2 e5 22. Qd2 Bxe4 23. Rxd6 Rxd6 24. Qxd6 Qxd6 25. Rxd6 Kf8 26. Rd2 Bd5 27. Rxd5 Nxd5 28. Bxd5 Ra5 29. Bb3 Ke7 30. Kf1 Rb5 31. Ke2 f5 32. Bc4 Rb6 33.
f3 Kd6 34. Bg8 h6 35. Nc1 Rc6 36. Bb3 e4 37. fxe4 fxe4 38. Ke3 Ke5 39. Ne2 Rg6 40. Nf4 Rf6 41. Nh5 Rg6 42. Nf4 Rf6 43. Nh5 Rg6 44. Ng3 h5 45. Bf7 Rc6 46. Bb3 Rg6 47.
Bf7 Rc6 48. Bb3 Rg6 49. Nxh5 Rxg2 50. h3 g5 51. Ba4 Rh2 52. Ng3 Rxh3 53. Kf2 Kf4 54.
Ne2+ Ke5 55. Kg2 Rh7 56. Kg3 Ra7 57. Bb3 Rh7 58. Kg4 Kf6 59. Kg3 Rh4 0-1

[Event "*** Titled Tuesday 3|2 Blitz"]
[Site "Chess.com"]
[Date "2015.08.04"]
[Round "3"]
[White "Gergo85"]
[Black "AungTZ"]
[Result "1-0"]
[WhiteElo "2326"]
[BlackElo "2086"]
[TimeControl "180+2"]
[EndTime "12:09:23 PDT"]
[Termination "Gergo85 won by resignation"]

1. b3 d5 2. Bb2 c5 3. e3 Nc6 4. Bb5 Bd7 5. Ne2 e6 6. O-O Nf6 7. f4 Be7 8. Ng3 O-O 9. d3 Ne8 10. Bxc6 bxc6 11. Nd2 g6 12. Nf3 Bf6 13. Ne5 Bg7 14. c4 f6 15. Nxd7 Qxd7 16. Rc1 Rc8 17. Ba3 Rf7 18. Bxc5 e5 19. fxe5 fxe5 20. Rxf7 Qxf7 21. Qf3 Qe6 22. h3 a6 23. Ba3 Rd8 24. cxd5 cxd5 25. e4 d4 26. Nf1 Rd7 27. Qg4 Qf7 28.
Rc2 Nf6 29. Rc8+ Ne8 30. Qf3 Qe6 31. Qg4 Qf7 32. Bc5 h5 33. Qe2 Kh7 34. Qc2 Nc7 35. Qc4 Ne6 36. Rc6 Nxc5 37. Qxf7 Rxf7 38. Rxc5 Rf6 39. Nd2 Bh6 40. Nf3 Be3+ 41. Kh2 Bf4+ 42. g3 Be3 43. Kg2 g5 44. g4 hxg4 45. hxg4 Bf4 46.
b4 Rb6 47. a3 a5 48. Rxa5 Rc6 49. Rc5 Ra6 50. Ra5 Rc6 51. Nxe5 Rc2+ 52. Kf3 Rc1 53. Ra7+ Kh6 54. Nf7+ Kg6 55. e5 Rf1+ 56. Ke4 Re1+ 57.
Kd5 Rg1 58. Nh8+ Kh6 59. e6 Re1 60. b5 Bd2 61. b6 Bf4 62. Nf7+ Kg6 63. b7 Kf6 64.
Ra6 Ke7 65. Ra8 Rb1 66. Nd8 Bc7 67. Nc6+ Kf6 68. b8=Q Bxb8 69. Rxb8 1-0

[Event "*** Titled Tuesday 3|2 Blitz"]
[Site "Chess.com"]
[Date "2015.08.04"]
[Round "3"]
[White "armago"]
[Black "WanderingPuppet"]
[Result "1/2-1/2"]
[WhiteElo "2051"]
[BlackElo "2184"]
[TimeControl "180+2"]
[EndTime "12:09:41 PDT"]
[Termination "Game drawn by agreement"]

1. d4 Nf6 2. c4 g6 3. Nc3 Bg7 4. e4 d6 5. Bd3 O-O 6. Nge2 Nc6 7. O-O e5 8. d5 Nd4 9. Bg5 h6 10. Be3 Ng4 11. Bd2 f5 12. exf5 gxf5 13. h3 Nf6 14.
Nxd4 exd4 15. Ne2 Ne4 16. Nf4 Kh7 17. Re1 Qh4 18. Bxe4 fxe4 19. Rxe4 Bf5 20. g3 Qf6 21. Re1 Rae8 22. Qf3 Bxh3 23. Kh2 Qf5 24. Rxe8 Rxe8 25. Re1 Bg4 26. Qd3 Rxe1 27. Bxe1 Qxd3 28. Nxd3 Be2 29. Nf4 Bxc4 30. b3 Ba6 31. Ne6 Be2 32. Nxc7 d3 33. Bd2 Bf3 34. Nb5 Be5 35. Nxa7 Bxd5 36. f4 Bf6 37. Nc8 Bf3 38. Nxd6 Bb2 39. Nc4 Bd4 40. Ne5 Bxe5 41. fxe5 h5 42. Kh3 Kg6 43. Kh4 Kf5 44. Bf4 Ke6 45. Kg5 Bd1 46. Kg6 Be2 47. a3 b5 48. a4 bxa4 49. bxa4 d2 50. Bxd2 Kxe5 51. a5 Ke6 52. Be3 Ke7 53. Kg5 Kf7 54. Kf5 Ke7 55. Ke5 Kd7 56. Bd4 Kc7 57. Kd5 Kb7 58. Kc5 Ka6 59. Bc3 Bd1 60. Kc6 Be2 61. Kd6 Bd1 62. Ke5 Be2 63. Kf5 Bd1 64.
Kg5 Bg4 65. Kh4 Kb5 66. Kg5 Ka6 67. Kh4 Bd1 68. Kg5 Bg4 69. Kf4 Bd1 70. Ke3 Bg4 71. Kf2 Kb5 72. Ke1 Ka6 73. Bb4 Kb5 74. Bd2 Ka6 1/2-1/2

[Event "*** Titled Tuesday 3|2 Blitz"]
[Site "Chess.com"]
[Date "2015.08.04"]
[Round "3"]
[White "MinhGTrAn"]
[Black "arnacman"]
[Result "0-1"]
[WhiteElo "2491"]
[BlackElo "2239"]
[TimeControl "180+2"]
[EndTime "12:10:20 PDT"]
[Termination "arnacman won by resignation"]

1. Nf3 d5 2. b3 Nf6 3. Bb2 c5 4. e3 a6 5. c4 dxc4 6. bxc4 Nc6 7. Be2 Bg4 8. O-O e6 9. d4 cxd4 10. exd4 Be7 11. h3 Bh5 12. Nbd2 O-O 13. Rc1 Rc8 14. Re1 Qa5 15. Qb3 Bb4 16. Red1 Bxd2 17. Rxd2 Bxf3 18.
Bc3 Qg5 19. Bxf3 b5 20. h4 Qf4 21. Bxc6 Rxc6 22. g3 Qh6 23. cxb5 axb5 24. Rdc2 Qh5 25. d5 Qxd5 26. Bxf6 Qxb3 27. axb3 Rxc2 28. Rxc2 gxf6 29. Rc7 Rd8 30. Rb7 Rd5 31. Kg2 Kg7 32. b4 f5 33. Kf3 Kf6 34. Ke3 h6 35. Kf3 Kg6 36. Ke3 Kf6 37. Kf3 Kg6 38. Ke3 Kf6 39. Rb8 Kg6 40. Rg8+ Kh7 41. Rc8 Kg7 42. Rc7 Kf6 43. h5 Re5+ 44. Kd3 Re4 45. Kc3 Re2 46. f4 Re3+ 47. Kd4 Re4+ 48. Kd3 Rxb4 49. Ke3 Rb3+ 50.
Kf2 b4 51. Rb7 Rb2+ 52. Kf3 b3 53. Ke3 Rb1 54. Kf2 Kg7 55. Rb8 Kf6 56. Rb7 Rb2+ 57. Kf3 Rb1 58. Kg2 Kg7 59. Rb8 b2 60. Kh2 f6 61. Rb7+ Kf8 62. Kg2 Ke8 63. Kh2 Kd8 64. Kg2 Kc8 65. Rb3 Kc7 66. Kh2 Kc6 67. Rb8 Kd5 68.
Kg2 Ke4 69. Rb4+ Kd3 70. Rb8 e5 71. Rd8+ Ke3 72. Rb8 e4 73. Rb7 Ke2 74. Rb6 e3 75. Rb8 Kd3 76. Rd8+ Kc4 77. Rc8+ Kd5 78. Rd8+ Kc6 79.
Rc8+ Kd7 80. Rb8 e2 0-1

[Event "*** Titled Tuesday 3|2 Blitz"]
[Site "Chess.com"]
[Date "2015.08.04"]
[Round "3"]
[White "GregShahade"]
[Black "Fh2411"]
[Result "1/2-1/2"]
[WhiteElo "2307"]
[BlackElo "2162"]
[TimeControl "180+2"]
[EndTime "12:10:28 PDT"]
[Termination "Game drawn by repetition"]

1. c4 c6 2. Nf3 d5 3. e3 Nf6 4. b3 Bg4 5. Bb2 e6 6. h3 Bh5 7. Be2 Nbd7 8. O-O Bd6 9. d3 O-O 10.
Nbd2 Re8 11. Rc1 h6 12. Re1 Qe7 13. Qc2 Ba3 14. Rb1 Bxb2 15. Qxb2 e5 16. Bf1 Bxf3 17. Nxf3 Rad8 18. cxd5 Nxd5 19. b4 a6 20. a3 N7b6 21. Qc2 Qd6 22. Nd2 f5 23. Nc4 Qg6 24. Qb2 Nxc4 25.
dxc4 Nf6 26. Rbd1 Rxd1 27. Rxd1 f4 28. exf4 exf4 29. Be2 Qg5 30. Bf3 Qe5 31. Qd2 Ne4 32. Qd7 Ng5 33. Bh5 Re7 34. Qc8+ Kh7 35. Rd8 g6 36. Be2 f3 37. gxf3 Nxh3+ 38. Qxh3 Qxe2 39. Rd7 Qe5 40. Rxe7+ Qxe7 41. c5 Kg7 42. Qg4 Qf7 43.
Qd4+ Kh7 44. Kg2 h5 45. Qe5 Kh6 46. Qe3+ g5 47. Qe5 h4 48. Qh8+ Kg6 49. Qe5 Qd7 50. Qe4+ Kh6 51. Qe5 Kg6 52. Qe4+ Kh6 53. Qe3 Kg6 54. Qe5 Qf7 55. Qd6+ Kh5 56. Qd8 Kg6 57.
Qd6+ Kh5 58. Qe5 Kg6 59. Qe4+ Kh6 60. Qg4 Kg6 61. Qc8 Kg7 62. Qd8 Kg6 63. Qd4 Kh6 64. Qd6+ Kh5 65. a4 Qg7 66. Qe6 Qc7 67. Qe8+ Kh6 68.
Qf8+ Kg6 69. Qg8+ Kf6 70. Qf8+ Qf7 71. Qd6+ Qe6 72. Qd8+ Qe7 73. Qd4+ Kg6 74. Qd3+ Kf6 75. Qd4+ Kg6 76. Qd3+ Kf6 77. Qd4+ Kg6 78. Qd3+ 1/2-1/2

[Event "*** Titled Tuesday 3|2 Blitz"]
[Site "Chess.com"]
[Date "2015.08.04"]
[Round "3"]
[White "ChessMavenYeti"]
[Black "HZMC92"]
[Result "0-1"]
[WhiteElo "2035"]
[BlackElo "2274"]
[TimeControl "180+2"]
[EndTime "12:12:10 PDT"]
[Termination "HZMC92 won on time"]

1. d4 d5 2. c4 e6 3. Nf3 c6 4. e3 f5 5. b3 Bd6 6. Bd3 Nh6 7. O-O Qe7 8. Bb2 O-O 9. Qc1 Nd7 10. Ba3 Rf6 11.
Bxd6 Qxd6 12. Nbd2 Nf7 13. cxd5 exd5 14. Qc2 g5 15.
Bxf5 Nf8 16. Bxc8 Rxc8 17. e4 Qd7 18. e5 Rh6 19. Qd3 g4 20. Ne1 Ne6 21. f3 Nfg5 22. fxg4 c5 23. Nef3 cxd4 24. Nxd4 Nxd4 25. Qxd4 Rc2 26.
Rac1 Ne6 27. Qe3 Rxc1 28. Rxc1 Rg6 29. h3 h5 30. gxh5 Rg5 31. g4 d4 32. Qe4 b6 33.
Nf3 Nc5 34. Qxd4 Qxd4+ 35. Nxd4 Rxe5 36. Nc6 Re3 37. Kg2 Re2+ 38. Kg3 Rxa2 39. b4 Ra3+ 40.
Kh4 Nd3 41. Rd1 Nf2 42. Rd8+ Kf7 43. Rd7+ Ke6 44. Rxa7 Rc3 45. Nd4+ Kf6 46. g5+ Ke5 47. g6 Rxh3+ 48. Kg5 Kxd4 49. g7 Ke5 50. Re7+ Kd6 51. Re6+ Kd7 52. Re2 Rg3+ 53. Kh6 Ng4+ 54. Kh7 Nf6+ 55.
Kh8 Rh3 56. Re5 Nxh5 57. g8=Q Nf6+ 58. Kg7 Nxg8 59. Kxg8 Kd6 60. Rg5 Rd3 61. Kf7 Rd5 62. Rg6+ Kc7 63. Ke7 Re5+ 64. Kf6 Rb5 65. Ke6 Rxb4 66.
Kd5 Rb1 67. Kc4 Rc1+ 68. Kb5 Rc5+ 69. Kb4 Kb7 70. Rf6 Ka6 71. Rg6 Rb5+ 72. Ka4 Rf5 73.
Kb4 Rf4+ 74. Kb3 Ka5 75. Rg5+ b5 76. Ka3 Rf3+ 77. Kb2 Ka4 78. Rg4+ b4 79. Rg8 Rf2+ 80. Kc1 Ka3 81. Rg3+ b3 82. Rg8 Rf1+ 83. Kd2 Ka2 84.
Kc3 Rc1+ 85. Kd2 Rc7 86. Rb8 b2 87. Ra8+ Kb1 88. Rb8 Rd7+ 89. Kc3 Rc7+ 90. Kd2 Rc4 91. Ra8 Rd4+ 92. Ke3 Rc4 93. Kd2 Rc2+ 94. Kd1 Rc4 95. Kd2 Rd4+ 96. Ke3 Kc2 97. Rc8+ Kd1 98. Kxd4 b1=Q 99. Rc6 Qb4+ 100. Kd5 Kd2 101. Ke6 Ke3 102. Kd7 Ke4 103. Kd8 Qb8+ 104. Kd7 Kd5 0-1

[Event "*** Titled Tuesday 3|2 Blitz"]
[Site "Chess.com"]
[Date "2015.08.04"]
[Round "4"]
[White "HZMC92"]
[Black "tac49"]
[Result "0-1"]
[WhiteElo "2269"]
[BlackElo "2454"]
[TimeControl "180+2"]
[EndTime "12:15:37 PDT"]
[Termination "tac49 won by resignation"]

1. d4 Nf6 2. c4 g6 3. Nc3 Bg7 4. e4 d6 5. f3 O-O 6. Bg5 c6 7. Qd2 e5 8. d5 cxd5 9. cxd5 a6 10. a4 Nbd7 11. Nge2 Nc5 12. Nc1 h6 13. Be3 Nh5 14. b4 Nd7 15. Nd3 Nf4 16. Nxf4 exf4 17. Bd4 Qh4+ 18. Bf2 Qf6 19. Rc1 Ne5 20. Be2 Qg5 21.
O-O Bh3 22. g4 fxg3 23. Qxg5 gxf2+ 24. Kxf2 hxg5 25. b5 Bxf1 0-1

[Event "*** Titled Tuesday 3|2 Blitz"]
[Site "Chess.com"]
[Date "2015.08.04"]
[Round "4"]
[White "Chesseducation4u"]
[Black "Tal-Baronfew"]
[Result "0-1"]
[WhiteElo "2484"]
[BlackElo "2734"]
[TimeControl "180+2"]
[EndTime "12:17:30 PDT"]
[Termination "Tal-Baronfew won by resignation"]

1. Nf3 Nf6 2. g3 c5 3. Bg2 Nc6 4. d4 cxd4 5. Nxd4 e5 6. Nxc6 dxc6 7. Qxd8+ Kxd8 8. Nd2 Kc7 9. b3 Be6 10. Bb2 Nd7 11. h4 f6 12. Bh3 Bxh3 13. Rxh3 a5 14. a4 Bb4 15. e3 Rhd8 16. Ke2 b5 17. Rhh1 bxa4 18. bxa4 Rab8 19. Nb3 Nb6 20. c3 Nc4 21.
cxb4 Rxb4 22. Rhb1 Rdb8 23. Bc3 Rxb3 24. Rb2 0-1

[Event "*** Titled Tuesday 3|2 Blitz"]
[Site "Chess.com"]
[Date "2015.08.04"]
[Round "4"]
[White "michaelk123"]
[Black "Krutoy123"]
[Result "1-0"]
[WhiteElo "2032"]
[BlackElo "2112"]
[TimeControl "180+2"]
[EndTime "12:17:35 PDT"]
[Termination "michaelk123 won by resignation"]

1. e4 c5 2. Nf3 e6 3. d4 cxd4 4. Nxd4 a6 5. c4 Nf6 6. Nc3 d6 7. Be2 Be7 8. Be3 O-O 9. O-O b6 10. f3 Bb7 11. a4 Nbd7 12. a5 bxa5 13. Nb3 Rb8 14. Nxa5 Ba8 15. Qd2 Qc7 16. Na4 Rfc8 17. Rfc1 Ne5 18. b4 Qd8 19. c5 dxc5 20. Qxd8+ Rxd8 21. bxc5 Nd3 22. Rc3 Nb4 23. c6 Rbc8 24. c7 Rd7 25. Nb6 Rdxc7 26. Rxc7 Rxc7 27. Nxa8 Rc2 28. Bf1 h5 29. Nb6 1-0

[Event "*** Titled Tuesday 3|2 Blitz"]
[Site "Chess.com"]
[Date "2015.08.04"]
[Round "4"]
[White "Cryptochess"]
[Black "stefanodinn"]
[Result "0-1"]
[WhiteElo "2339"]
[BlackElo "2142"]
[TimeControl "180+2"]
[EndTime "12:18:16 PDT"]
[Termination "stefanodinn won by checkmate"]

1. e4 c5 2. Nc3 d6 3. g3 g6 4. Bg2 Bg7 5. d3 Nc6 6. Be3 Nd4 7. Qd2 Qa5 8. f4 e6 9. Nf3 Ne7 10. O-O O-O 11. a3 Nec6 12. Nh4 Bd7 13. Rf2 f5 14.
exf5 gxf5 15. h3 Bf6 16. Nf3 Nxf3+ 17. Bxf3 Nd4 18. Bg2 Kh8 19. Re1 Rg8 20. Kh2 Rg7 21. Bh1 Rag8 22. Rg1 Bh4 23. Rfg2 Nf3# 0-1

[Event "*** Titled Tuesday 3|2 Blitz"]
[Site "Chess.com"]
[Date "2015.08.04"]
[Round "4"]
[White "Viaje"]
[Black "FMCouch"]
[Result "0-1"]
[WhiteElo "2211"]
[BlackElo "2137"]
[TimeControl "180+2"]
[EndTime "12:18:21 PDT"]
[Termination "FMCouch won by resignation"]

1. d4 d5 2. c4 c6 3. Nf3 Nf6 4. Qc2 dxc4 5. e4 b5 6. b3 cxb3 7.
axb3 e6 8. Bd2 Bb7 9. Ba5 Qc8 10. Bd3 Nbd7 11. Nbd2 Be7 12. b4 O-O 13. e5 Nd5 14. Bxh7+ Kh8 15. Rb1 Nf4 16. Be4 Nxg2+ 17. Kf1 Nf4 18. h4 f6 19. Rc1 Nd5 20. Bxd5 cxd5 21. Qb1 Qe8 22. h5 fxe5 23. h6 g5 24. dxe5 d4 25. Qd3 Qf7 26. Rc7 Bxf3 27. Nxf3 Nxe5 28.
Qxd4 Qxf3 29. Qxe5+ Bf6 30. Qh2 Rad8 31. Rc1 Rd2 32.
Qg2 Rxf2+ 33. Qxf2 Qxh1+ 34. Ke2 Qxc1 0-1

[Event "*** Titled Tuesday 3|2 Blitz"]
[Site "Chess.com"]
[Date "2015.08.04"]
[Round "4"]
[White "Just-Live-Simply"]
[Black "mortalbovine"]
[Result "1-0"]
[WhiteElo "2052"]
[BlackElo "1740"]
[TimeControl "180+2"]
[EndTime "12:18:31 PDT"]
[Termination "Just-Live-Simply won by resignation"]

1. Nf3 d5 2. g3 Nf6 3. Bg2 c6 4. O-O Bf5 5. d3 e6 6. c4 Bd6 7. Be3 O-O 8. Qb3 Qe7 9. Nc3 Na6 10. Rac1 Nc5 11. Bxc5 Bxc5 12. cxd5 exd5 13. Qc2 Qc7 14.
e4 dxe4 15. dxe4 Be6 16. e5 Nd7 17. Ng5 g6 18. Nce4 Bd4 19. Nxe6 fxe6 20. Ng5 Bxe5 21.
Nxe6 Qb6 22. Nxf8 Rxf8 23. Qc4+ Kh8 24. Rcd1 Nf6 25. b3 Ng4 26. Qxg4 1-0

[Event "*** Titled Tuesday 3|2 Blitz"]
[Site "Chess.com"]
[Date "2015.08.04"]
[Round "4"]
[White "samolo"]
[Black "1stSecond"]
[Result "1-0"]
[WhiteElo "2520"]
[BlackElo "2353"]
[TimeControl "180+2"]
[EndTime "12:18:35 PDT"]
[Termination "samolo won by resignation"]

1. Nf3 Nf6 2. g3 g6 3. Bg2 Bg7 4. O-O O-O 5. d3 d5 6. Nbd2 c5 7. e4 Nc6 8. Re1 b6 9. c3 Ba6 10. e5 Ne8 11. Qa4 Qc8 12. Bf1 b5 13. Qh4 b4 14.
Nb3 bxc3 15. bxc3 Qf5 16. Nxc5 Qxf3 17. Nxa6 Nxe5 18. Be2 Qf5 19. Qxe7 Nxd3 20. Rf1 Bxc3 21. Ba3 Nf6 22. Rad1 Ne5 23. Nc7 Rad8 24. Qc5 Ne4 25. Qxa7 d4 26. Bxf8 Rxf8 27. Nd5 Nd2 28. Ne7+ Kg7 29. Nxf5+ gxf5 30. Rxd2 Bxd2 31. Qxd4 Re8 32. Qxd2 1-0

[Event "*** Titled Tuesday 3|2 Blitz"]
[Site "Chess.com"]
[Date "2015.08.04"]
[Round "4"]
[White "Danirod"]
[Black "fancyknightmaneuvers"]
[Result "0-1"]
[WhiteElo "2373"]
[BlackElo "2192"]
[TimeControl "180+2"]
[EndTime "12:18:35 PDT"]
[Termination "fancyknightmaneuvers won by resignation"]

1. e4 e6 2. d4 d5 3. Nd2 c5 4. exd5 exd5 5. Ngf3 Nf6 6. Bb5+ Bd7 7. Bxd7+ Nbxd7 8.
O-O Be7 9. dxc5 Nxc5 10. Nb3 Nfe4 11. Be3 b6 12. Ne5 Bf6 13. Bd4 O-O 14. c3 Qd6 15.
Nf3 Rad8 16. a4 a5 17. Bxf6 Qxf6 18. Nbd4 Rfe8 19. b4 axb4 20. cxb4 Ne6 21. a5 bxa5 22. bxa5 Nc3 23. Nxe6 Nxd1 24. Nxd8 Nc3 25. Nb7 Qa6 26. Nc5 Qb5 27. Rfe1 Rxe1+ 28. Rxe1 g6 29. a6 Qxc5 30. a7 Qxa7 0-1

[Event "*** Titled Tuesday 3|2 Blitz"]
[Site "Chess.com"]
[Date "2015.08.04"]
[Round "4"]
[White "Quinten94"]
[Black "PauloCesarCosta"]
[Result "1-0"]
[WhiteElo "2220"]
[BlackElo "1997"]
[TimeControl "180+2"]
[EndTime "12:18:36 PDT"]
[Termination "Quinten94 won on time"]

1. e4 e6 2. d4 d5 3. Nd2 Nf6 4. e5 Nfd7 5. Bd3 c5 6. c3 Nc6 7. Ngf3 Qb6 8. O-O cxd4 9. cxd4 Nxd4 10. Nxd4 Qxd4 11. Nf3 Qb6 12. Qa4 Qb4 13. Qc2 Qc5 14. Qe2 Be7 15. Be3 Qa5 16. Rac1 O-O 17. a3 Qd8 18. Bb1 f5 19. exf6 Nxf6 20. Bd4 Bd7 21. Ng5 Ne4 22. Nxe4 dxe4 23. Qxe4 g6 24. Ba2 Bf6 25.
Rfd1 Bxd4 26. Qxd4 1-0

[Event "*** Titled Tuesday 3|2 Blitz"]
[Site "Chess.com"]
[Date "2015.08.04"]
[Round "4"]
[White "armago"]
[Black "CraiggoryC"]
[Result "1-0"]
[WhiteElo "2058"]
[BlackElo "2003"]
[TimeControl "180+2"]
[EndTime "12:18:56 PDT"]
[Termination "armago won by resignation"]

1. d4 e6 2. c4 Nf6 3. Nc3 Bb4 4.
Nf3 c5 5. g3 cxd4 6. Nxd4 O-O 7.
Bg2 d5 8. cxd5 Nxd5 9. Bd2 Bxc3 10. bxc3 Nc6 11. O-O Bd7 12. Rb1 Nb6 13. Bf4 e5 14. Nxc6 Bxc6 15. Bxc6 bxc6 16. Bxe5 Re8 17. Bd4 c5 18.
Bxc5 Qxd1 19. Rfxd1 Rxe2 20. Bxb6 axb6 21. Rxb6 g6 22. Rd3 Raxa2 23. Rf3 Re7 24. Rc6 Rc2 25.
c4 Re4 26. Rc7 f5 27. Rb3 Rcxc4 28. Rb8+ 1-0

[Event "*** Titled Tuesday 3|2 Blitz"]
[Site "Chess.com"]
[Date "2015.08.04"]
[Round "4"]
[White "GMHess"]
[Black "ChessWarrior7197"]
[Result "1-0"]
[WhiteElo "2535"]
[BlackElo "2446"]
[TimeControl "180+2"]
[EndTime "12:18:57 PDT"]
[Termination "GMHess won by resignation"]

1. c4 Nf6 2. Nc3 e6 3. d4 d5 4. Nf3 Be7 5. Bf4 O-O 6. Qc2 c6 7. e3 Nbd7 8. Bd3 dxc4 9. Bxc4 Nb6 10. Bd3 Nbd5 11. Nxd5 exd5 12. O-O h6 13. Rab1 Bd6 14. b4 Bxf4 15. exf4 a6 16. a4 Be6 17. Ne5 Qd6 18.
b5 axb5 19. axb5 cxb5 20. Rxb5 Rfc8 21. Qb1 Ra4 22. Rb6 Qa3 23. f5 Bd7 24. Rxf6 gxf6 25. Nxd7 Rxd4 26. Nxf6+ Kg7 27. Nh5+ Kf8 28. Qxb7 Qc3 29.
Ba6 Re8 30. Qb6 Qd2 31. Qd6+ 1-0

[Event "*** Titled Tuesday 3|2 Blitz"]
[Site "Chess.com"]
[Date "2015.08.04"]
[Round "4"]
[White "fpawn"]
[Black "Keranke"]
[Result "0-1"]
[WhiteElo "2106"]
[BlackElo "2531"]
[TimeControl "180+2"]
[EndTime "12:18:57 PDT"]
[Termination "Keranke won by checkmate"]

1. e4 g6 2. Nc3 Bg7 3. d4 d6 4. f4 a6 5. Nf3 b5 6. Bd3 Nd7 7. e5 c5 8. exd6 exd6 9. Ne4 Qc7 10. O-O Ne7 11. c3 O-O 12. dxc5 dxc5 13. Ng3 Bb7 14.
Be4 Rad8 15. Qc2 c4 16. Be3 Nd5 17. Bxd5 Bxd5 18. Rad1 Bb7 19. Ng5 Nc5 20. Rxd8 Rxd8 21. Rd1 Nd3 22. Qe2 Re8 23. Qd2 Nxb2 24. Qd7 Qc6 25. Qxc6 Bxc6 26. Rd6 Ba8 27. Bd4 Bxd4+ 28. Rxd4 Nd3 29. N5e4 Kg7 30. Kf1 Bxe4 31. Nxe4 f5 32.
Nd6 Re1# 0-1